 Dungeon Crawl Stone Soup version 0.29-a0-418-gc0181ea820 (webtiles) character file.

Game seed: 11472026663811036934

63 xian the Vexing (level 3, -3/29 HPs)
             Began as a Demigod Arcane Marksman on May 17, 2022.
             Slain by an orc
             ... wielding a +0 hand axe of electrocution
              (15 damage)
             ... on level 3 of the Dungeon.
             The game lasted 00:05:17 (2215 turns).

xian the Vexing (Demigod Arcane Marksman)           Turns: 2215, Time: 00:05:18

Health: -3/29      AC:  2    Str: 11    XL:     3   Next: 63%
Magic:  6/6        EV: 12    Int: 15    God:
Gold:   59         SH:  0    Dex: 18    Spells: 3/4 levels left

rFire   . . .      SeeInvis .   a - +0 shortbow
rCold   . . .      Faith    .   (shield currently unavailable)
rNeg    . . .      Spirit   .   b - +0 robe
rPois   .          Reflect  .   (no helmet)
rElec   .          Harm     .   i - scarf {+Inv}
rCorr   .          Rampage  .   (no gloves)
Will    .....                   (no boots)
Stlth   ++........              (no amulet)
HPRegen 0.09/turn               (no ring)
MPRegen 0.10/turn               (no ring)

@: no status effects
A: high MP 1, forlorn, divine attributes
a: Evoke Invisibility


You were on level 3 of the Dungeon.
You visited 1 branch of the dungeon, and saw 3 of its levels.

You collected 59 gold pieces.

Inventory:

Hand Weapons
 a - a +0 shortbow (weapon)
 f - a +0 dagger of protection
 j - a +2 long sword of holy wrath
Missiles
 e - 9 poisoned darts
Armour
 b - a +0 robe (worn)
 i - a scarf of invisibility (worn)
Jewellery
 d - a ring of poison resistance
Scrolls
 c - 2 scrolls of vulnerability
 k - 3 scrolls of identify {unknown}
 m - a scroll of silence {unknown}
Potions
 g - a potion of cancellation {unknown}
 h - a potion of attraction {unknown}
 l - a potion of heal wounds {unknown}


   Skills:
 + Level 1.7 Fighting
 + Level 2.6 Bows
 + Level 2.1 Dodging
 + Level 0.4 Stealth
 + Level 1.0 Spellcasting
 + Level 3.1 Hexes


You had 3 spell levels left.
You knew the following spells:

 Your Spells              Type           Power      Damage    Failure   Level
a - Slow                  Hex            40%        N/A       7%          1

Your spell library contained the following spells:

 Spells                   Type           Power      Damage    Failure   Level
 Magic Dart               Conj           0%         1d3       24%         1
 Searing Ray              Conj           0%         2d4       36%         2
 Inner Flame              Hex/Fire       5%         N/A       36%         3
 Portal Projectile        Hex/Tloc       10%        N/A       36%         3
 Cause Fear               Hex            5%         N/A       54%         4
 Fulminant Prism          Conj/Hex       2%         3d6       77%         4
 Hailstorm                Conj/Ice       0%         3d3       94%         4
 Ice Form                 Ice/Tmut       0%         N/A       94%         4
 Simulacrum               Ice/Necr       0%         N/A       100%        6


Dungeon Overview and Level Annotations

Branches:
Dungeon (3/15)


Innate Abilities, Weirdness & Mutations

You have an increased reservoir of magic. (+10% MP)
You shall have no god before yourself.
Your divine heritage dramatically boosts your attributes as you level up.


Message History

The orc shouts!
The orc is moderately wounded.
You hear a shout!
An orc comes into view. It is wielding a +0 trident.
You shoot an arrow. The arrow hits the orc.
The orc is almost dead.
You shoot an arrow. The arrow hits the orc.
You kill the orc!
You shoot an arrow. The arrow hits the orc!
You kill the orc!
An orc wizard comes into view. It is wielding a +0 dagger.
An orc comes into view.
It is wielding a +0 hand axe of electrocution.
You shoot an arrow. The arrow barely misses the orc wizard.
The orc shouts!
A frilled lizard comes into view.
You shoot an arrow. The arrow barely misses the orc wizard.
The frilled lizard hisses angrily.
You shoot an arrow. The arrow hits the orc wizard.
The orc wizard is lightly wounded.
The orc wizard casts a spell.
The orc wizard flickers and vanishes!
Deactivating autopickup; reactivate with Ctrl-A.
Something hits you but does no damage.
A rat comes into view.
The orc attacks as you move away!
The orc hits you with a +0 hand axe of electrocution.
There is a stone staircase leading up here.
You climb upwards.
Reactivating autopickup.
There is a stone staircase leading down here.
You see here an amulet of faith.
There is a stone staircase leading down here.
You climb downwards.
The rat misses you. The orc hits you but does no damage.
You are electrocuted!
The frilled lizard barely misses you.
There is a stone staircase leading up here.
The rat misses you.
The orc hits you with a +0 hand axe of electrocution.
You are electrocuted!
Ouch! That really hurt!
You die...

#.......#
##........
>........#
#(......#
##...†...#
#........##
#.........#######
..))##.#..r......
. #.#o@l......
#.##........ #.
#........ #.
...###### .. ....
#....... ....###
.#....


You could see an orc, a frilled lizard and a rat.

Vanquished Creatures
  A worm (D:3)
  3 dart slugs
  2 orcs (D:3)
  5 endoplasms
  A giant cockroach (D:2)
  3 goblins
  5 hobgoblins
  2 jackals (D:1)
  4 kobolds
  4 quokkas
  6 ball pythons
  3 bats (D:1)
  3 frilled lizards
  5 rats
47 creatures vanquished.

Notes
Turn   | Place    | Note
-------+----------+-------------------------------------------
     0 | D:1      | xian the Demigod Arcane Marksman began the quest for the
                  | Orb.
     0 | D:1      | Reached XP level 1. HP: 15/15 MP: 4/4
   198 | D:1      | Reached skill level 3 in Hexes
   412 | D:1      | Reached skill level 1 in Fighting
   560 | D:1      | Reached XP level 2. HP: 23/23 MP: 5/5
  1610 | D:2      | Reached XP level 3. HP: 17/28 MP: 6/6
  2215 | D:3      | Slain by an orc

Illustrated notes

Levels and vault maps discovered:
D:1:      dpeg_arrival_round_b, layout_loops_corners,
          amcnicky_mini_corridor_feature
D:2:      kennysheep_big_flooded_room, layout_rooms, minmay_pentomino_p2
D:3:      layout_rooms, serial_aquarium, aquarium_bridge_long_joined
          [aquarium_subvault_wall, aquarium_subvault_wall,
          aquarium_subvault_wall, aquarium_subvault_wall,
          aquarium_subvault_window, aquarium_subvault_bridge],
          aquarium_bridge_straight [aquarium_subvault_bridge,
          aquarium_subvault_wall, aquarium_subvault_bridge,
          aquarium_subvault_wall], aquarium_window_fake, aquarium_window_2,
          aquarium_window_corner, aquarium_window_3, aquarium_view_2g,
          aquarium_view_2c, aquarium_pool_split, uniq_robin, uniq_ijyb

Skill      XL: |  1  2 |
---------------+-------+-----
Hexes          | 3 |  3.1
Fighting       | 1 |  1.7
Dodging        | 2 |  2.1
Bows           | 2 |  2.6
Stealth        | |  0.4
Spellcasting   | |  1.0

Action                   || total
-------------------------++-------
 Fire: Shortbow          ||   114
 Cast: Slow              ||     4
Armor: Robe              ||     6
Dodge: Dodged            ||    30

Table legend: (Time is in decaauts)
 A = Elapsed time spent in this place.
 B = Non-inter-level travel time spent in this place.
 C = Inter-level travel time spent in this place.
 D = Time resting spent in this place.
 E = Time spent auto-exploring this place.
 F = Levels seen in this place.
 G = Mean time per level.
                   A        B        C        D        E       F      G
               +--------+--------+--------+--------+--------+-----+--------+
         Total |   2260 |   2170 |     90 |      0 |   1842 |   3 |  753.3 |
       Dungeon |   2260 |   2170 |     90 |      0 |   1842 |   3 |  753.3 |
               +--------+--------+--------+--------+--------+-----+--------+

Top non-repeatable levels by time:
     D:1: 1596 daAuts
     D:2: 640 daAuts
     D:3: 23 daAuts
